 Dungeon Crawl Stone Soup version 0.29.0-13-gc9e81de378 (webtiles) character file.

Game seed: 7142231878589162365

2178964 magipi the Demon Slayer (level 27, 196/196 HPs)
             Began as a Gargoyle Fighter on Sept 9, 2022.
             Was a High Priest of the Shining One.
             Escaped with the Orb
             ... and 4 runes on Sept 10, 2022!
             The game lasted 05:10:22 (79972 turns).

magipi the Demon Slayer (Gargoyle Fighter)         Turns: 79972, Time: 05:10:22

Health: 196/196    AC: 68    Str: 24      XL:     27
Magic:  32/32      EV: 19    Int: 12 (15) God:    the Shining One [*****.]
Gold:   7703       SH: 24    Dex: 23      Spells: 37/40 levels left

rFire   + + +      SeeInvis .   a - +8 broad axe (holy)
rCold   + . .      Faith    .   L - +4 kite shield {rC+}
rNeg    + + +      Spirit   .   F - +10 plate armour {rF+}
rPois   ∞          Reflect  +   R - +2 helmet of Parlour Games {rPois rF+++ Stlth-}
rElec   +          Harm     .   e - +4 dragonskin cloak
rCorr   +          Rampage  .   Y - +2 pair of gloves {Str+3}
Will    +++..                   M - +1 pair of boots of Noejeul {rCorr}
Stlth   ..........              r - amulet of reflection
HPRegen 0.42/turn               O - ring "Bymaps" {AC+4 Int+3}
MPRegen 0.23/turn               Z - ring of Puumm {rElec rN+ Will+ rCorr Dex+6}

@: flying, studying Staves
A: sickness immunity, AC +20, big wings, negative energy resistance 1,
electricity resistance, torment resistance 1, petrification resistance, talons
1, low MP 2, robust 1, weak 1, inability to read after injury 1, sturdy frame 1
0: Orb of Zot
}: 4/15 runes: barnacled, slimy, silver, gossamer
a: Renounce Religion, Divine Shield, Cleansing Flame, Summon Divine Warrior


You escaped.
You worshipped the Shining One.
The Shining One was extremely pleased with you.
You visited 12 branches of the dungeon, and saw 56 of its levels.
You also visited: Ossuary, Gauntlet and Ice Cave.

You collected 9815 gold pieces.
You spent 2112 gold pieces at shops.

Inventory:

Hand Weapons
 a - a +8 broad axe of holy wrath (weapon)
 b - the +3 greatsling "Punk" {acid, rCorr}
   (You found it on level 5 of the Vaults)

   Any ammunition fired from it is coated in acid, damaging and corroding those
   it strikes.
   rCorr:     It protects you from acid and corrosion.
Missiles
 g - 6 throwing nets
 u - 9 silver javelins
 P - 7 javelins (quivered)
 Q - 3 boomerangs of dispersal
 S - 8 boomerangs
Armour
 e - the +4 dragonskin cloak (worn)
   (You took it off Tiamat on level 3 of the Realm of Zot)

   It grants the wearer a chance to resist fire, cold, poison, electricity,
   acid, and negative energy.
 m - a +2 hat
 F - a +10 plate armour of fire resistance (worn)
 L - a +4 kite shield of cold resistance (worn)
 M - the +1 pair of boots of Noejeul (worn) {rCorr}
   (You found it on level 11 of the Dungeon)

   rCorr:     It protects you from acid and corrosion.
 R - the +2 helmet of Parlour Games (worn) {rPois rF+++ Stlth-}
   (You found it on level 3 of the Depths)

   rF:        It renders you almost immune to fire.
   rPois:     It protects you from poison.
   Stlth:     It makes you less stealthy.
 Y - a +2 pair of gloves of strength (worn)
Jewellery
 c - the ring of Tonygif {rC+ Dex+6 Stlth+}
   (You found it on level 5 of the Vaults)

   [ring of protection from cold]

   Dex:       It affects your dexterity (+6).
   rC:        It protects you from cold.
   Stlth:     It makes you more stealthy.
 r - an amulet of reflection (around neck)
 O - the ring "Bymaps" (left hand) {AC+4 Int+3}
   (You took it off a deep elf death mage on level 3 of the Elven Halls)

   [ring of protection]

   AC:        It affects your AC (+4).
   Int:       It affects your intelligence (+3).
 Z - the ring of Puumm (right hand) {rElec rN+ Will+ rCorr Dex+6}
   (You took it off a deep elf pyromancer on level 3 of the Elven Halls)

   [ring of dexterity]

   Dex:       It affects your dexterity (+6).
   rElec:     It insulates you from electricity.
   rN:        It protects you from negative energy.
   rCorr:     It protects you from acid and corrosion.
   Will:      It increases your willpower.
Wands
 d - a wand of digging (4)
 v - a wand of polymorph (16)
 B - a wand of roots (10)
 G - a wand of charming (59)
 K - a wand of mindburst (13)
Scrolls
 i - 11 scrolls of noise
 j - 2 scrolls of magic mapping
 n - 5 scrolls of teleportation
 o - 12 scrolls of poison
 y - 5 scrolls of fear
 D - 7 scrolls of vulnerability
 H - 7 scrolls of immolation
 J - 13 scrolls of fog
 T - 3 scrolls of summoning
 U - 6 scrolls of blinking
 W - 4 scrolls of silence
Potions
 f - 3 potions of ambrosia
 h - 11 potions of lignification
 l - 2 potions of haste
 s - 3 potions of berserk rage
 t - 6 potions of cancellation
 z - 7 potions of heal wounds
 A - 2 potions of might
 C - a potion of magic
 I - 3 potions of resistance
 N - 18 potions of curing
Miscellaneous
 k - a box of beasts
 w - a phial of floods
 x - a tin of tremorstones (2/2)


   Skills:
 + Level 19.9 Fighting
 - Level 18.0 Axes
 - Level 12.0 Throwing
 + Level 17.3 Armour
 + Level 16.4 Dodging
 + Level 15.5 Shields
 - Level 7.0 Spellcasting
 - Level 11.0 Translocations
 O Level 27 Invocations
 + Level 19.4 Evocations


You had 37 spell levels left.
You knew the following spells:

 Your Spells              Type           Power      Damage    Failure   Level
a - Apportation           Tloc           60%        N/A       1%          1
b - Blink                 Tloc           60%        N/A       1%          2

Your spell library contained the following spells:

 Spells                   Type           Power      Damage    Failure   Level
 Gell's Gravitas          Tloc           30%        N/A       4%          3
 Lesser Beckoning         Tloc           30%        N/A       4%          3
 Teleport Other           Tloc           30%        N/A       4%          3
 Passage of Golubria      Tloc           30%        N/A       14%         4
 Portal Projectile        Hex/Tloc       34%        N/A       36%         3
 Manifold Assault         Tloc           30%        N/A       36%         5
 Beastly Appendage        Tmut           8%         N/A       77%         1
 Foxfire                  Conj/Fire      16%        2x1d4     77%         1
 Magic Dart               Conj           16%        1d3       77%         1
 Sandblast                Erth           8%         2d5       77%         1
 Shock                    Conj/Air       16%        1d4       77%         1
 Summon Small Mammal      Summ           16%        N/A       77%         1
 Call Imp                 Summ           4%         N/A       88%         2
 Ensorcelled Hibernation  Hex/Ice        8%         N/A       88%         2
 Passwall                 Tmut/Erth      3%         N/A       88%         2
 Poisonous Vapours        Pois/Air       8%         N/A       88%         2
 Scorch                   Fire           8%         2d5       88%         2
 Searing Ray              Conj           8%         2d4       88%         2
 Static Discharge         Conj/Air       4%         3-4/arc   88%         2
 Wereblood                Tmut           4%         N/A       88%         2
 Dispersal                Tloc           15%        N/A       91%         6
 Call Canine Familiar     Summ           4%         N/A       98%         3
 Frozen Ramparts          Ice            8%         1d2       98%         3
 Ignite Poison            Fire/Tmut/Pois 4%         N/A       98%         3
 Mephitic Cloud           Conj/Pois/Air  4%         N/A       98%         3
 Ozocubu's Armour         Ice            4%         N/A       98%         3
 Spider Form              Tmut/Pois      4%         N/A       98%         3
 Stone Arrow              Conj/Erth      8%         3d7       98%         3
 Summon Guardian Golem    Hex/Summ       4%         N/A       98%         3
 Swiftness                Air            4%         N/A       98%         3
 Tukima's Dance           Hex            4%         N/A       98%         3
 Summon Forest            Summ/Tloc      8%         N/A       98%         5
 Airstrike                Air            2%         2d(1-17)  100%        4
 Anguish                  Hex/Necr       2%         N/A       100%        4
 Animate Armour           Summ/Erth      8%         N/A       100%        4
 Cause Fear               Hex            2%         N/A       100%        4
 Dispel Undead            Necr           4%         3d7       100%        4
 Flame Wave               Conj/Fire      4%         2d5       100%        4
 Hailstorm                Conj/Ice       4%         3d4       100%        4
 Ice Form                 Ice/Tmut       4%         N/A       100%        4
 Leda's Liquefaction      Hex/Erth       2%         N/A       100%        4
 Petrify                  Tmut/Erth      4%         N/A       100%        4
 Sticky Flame             Conj/Fire      4%         2d3       100%        4
 Summon Ice Beast         Ice/Summ       4%         N/A       100%        4
 Summon Lightning Spire   Summ/Air       4%         N/A       100%        4
 Alistair's Intoxication  Tmut/Pois      2%         N/A       100%        5
 Blade Hands              Tmut           2%         N/A       100%        5
 Freezing Cloud           Conj/Ice/Air   2%         6-21      100%        5
 Irradiate                Conj/Tmut      2%         3d12      100%        5
 Lightning Bolt           Conj/Air       2%         1d13      100%        5
 Silence                  Hex/Air        2%         N/A       100%        5
 Summon Mana Viper        Hex/Summ       4%         N/A       100%        5
 Conjure Ball Lightning   Conj/Air       2%         3x3d6     100%        6
 Eringya's Noxious Bog    Tmut/Pois      2%         N/A       100%        6
 Simulacrum               Ice/Necr       2%         N/A       100%        6
 Summon Cactus Giant      Summ           2%         N/A       100%        6
 Dragon Form              Tmut           2%         N/A       100%        7
 Enfeeble                 Hex            2%         N/A       100%        7
 Monstrous Menagerie      Summ           2%         N/A       100%        7
 Ozocubu's Refrigeration  Ice            2%         4d7       100%        7
 Storm Form               Tmut/Air       2%         N/A       100%        7
 Summon Hydra             Summ           2%         N/A       100%        7
 Discord                  Hex            2%         N/A       100%        8
 Disjunction              Tloc           15%        N/A       100%        8
 Lehudib's Crystal Spear  Conj/Erth      2%         10d2      100%        8
 Maxwell's Capacitive Co  Air            2%         ∞         100%        8
 Dragon's Call            Summ           2%         N/A       100%        9
 Polar Vortex             Ice            2%         N/A       100%        9
 Sublimation of Blood     Necr           Unusable   N/A       N/A         2

Dungeon Overview and Level Annotations

Branches:
Dungeon (15/15)            Temple (1/1) D:6            Lair (5/5) D:10
 Shoals (4/4) Lair:2       Spider (4/4) Lair:3        Slime (5/5) Lair:5
    Orc (2/2) D:9             Elf (3/3) Orc:2        Vaults (5/5) D:13
  Crypt (3/3) Vaults:3     Depths (4/4) D:15            Zot (5/5) Depths:4
Ossuary (visited)           IceCv (visited)         Gauntlet (visited)
   Tomb: Crypt:3

Altars:
Ashenzari
Cheibriados
Dithmenos
Elyvilon
Fedhas
Gozag
Hepliaklqana
Kikubaaqudgha
Makhleb
Nemelex Xobeh
Qazlal
Ru
Sif Muna
Uskayaw
Vehumet
Wu Jian
Xom
Yredelemnul
Zin
The Shining One
Jiyva

Shops:
D:3 [   Orc:2 :*([   Elf:1 *   Elf:3 (   Shoals:1 [   Shoals:2 *(   Vaults:2 [
Vaults:3 (

Portals:
Hell: Depths:1 Depths:3 Depths:4
Abyss: Depths:1 Depths:2 Depths:3 Depths:4
Pandemonium: Depths:2
Ziggurat: Depths:4

Annotations:
Elf:2 3 runed translucent doors
Elf:3 Roxanne
Zot:5 3 runed translucent doors, Flapstick's ghost, legendary HaBe


Innate Abilities, Weirdness & Mutations

You are immune to sickness and miasma.
Your stone body is resilient. (AC +20)
You are immune to poison.
Your large and strong wings let you fly.
You resist negative energy. (rN+)
You are resistant to electric shocks. (rElec)
You are resistant to unholy torment.
You are immune to petrification.
You have sharp toenails.
Your magical capacity is very low. (-20% MP)
You are robust. (+10% HP)
You are weak. (Str -2)
You occasionally lose the ability to read scrolls when taking damage.
Your movements are slightly less encumbered by armour. (ER -2)


Message History

You fly upwards.
There is a stone staircase leading down here.
There is a stone staircase leading up here.
You fly upwards.
There is a stone staircase leading down here.
A profane servitor comes into view. It is wielding a +1 whip.
You block the profane servitor's attack.
The profane servitor hits you but does no damage.
There is an abandoned shop here.
The profane servitor hits you but does no damage.
You block the profane servitor's attack.
The profane servitor attacks as you move away!
You block the profane servitor's attack.
The profane servitor closely misses you.
You block the profane servitor's attack.
The profane servitor hits you but does no damage.
The profane servitor attacks as you move away!
You block the profane servitor's attack.
The profane servitor hits you but does no damage.
The profane servitor barely misses you.
The profane servitor hits you but does no damage.
You block the profane servitor's attack. x2
The profane servitor attacks as you move away!
You block the profane servitor's attack. x2
You block the profane servitor's attack.
The profane servitor hits you but does no damage.
The profane servitor attacks as you move away!
The profane servitor hits you but does no damage.
You block the profane servitor's attack.
You block the profane servitor's attack.
The profane servitor hits you but does no damage.
There is a staircase leading out of the dungeon here.
Unknown command.
Okay, then.
Unknown command.
Unknown command.
Unknown command.
The profane servitor hits you but does no damage.
You block the profane servitor's attack.
You have escaped!

....##...................##.##...
....##..................#.#......
....##..................#.#.∩....
....#####.....###########...∩#...
..............# ###∩∩∩.#..##..
..............# ###.............
............### ##...............
............# ##................
............# #@A...............
.>..#..^....# #####.............
....#.......# #..######∩∩##∩
............#####################
..................)............).
.................################
........................ ........
..####.................. .....g..
..# #.................. ........


You could see a profane servitor.

Vanquished Creatures
  the Royal Jelly (Slime:5)
  Tiamat (Zot:3)
  5 orbs of fire
  4 dread liches
  7 ancient liches
  Mara (Shoals:3)
  Boris (Crypt:1)
  The ghost of Teduw the Impregnable, a veteran MiGl of Hepliaklqana (Crypt:3)
  6 Killer Klowns
  Frederick (Vaults:5)
  The ghost of Vaibem the Slayer, a veteran MiGl of Okawaru (Elf:1)
  2 curse toes
  4 caustic shrikes (Depths:4)
  7 golden dragons
  Jory (Crypt:3)
  3 electric golems
  13 tentacled monstrosities
  A walking crystal tome (Depths:4)
  Zenata (Elf:2)
  Asterion (Elf:3)
  19 Orb Guardians
  A deep elf blademaster (Elf:3)
  A lich (Depths:2)
  A shard shrike skeleton (Crypt:1)
  2 deep elf master archers (Elf:3)
  5 titans
  17 acid blobs
  8 quicksilver dragons
  6 sphinxes
  Polyphemus (Shoals:2)
  2 death cobs
  6 ancient champions
  6 tengu reavers
  7 shadow dragons
  Kirke (Lair:2)
  Ilsuiw (Shoals:2)
  Gastronok (Orc:1)
  18 azure jellies
  Donald (Spider:1)
  11 storm dragons
  13 draconian monks
  9 rockslimes
  The ghost of Vochiuc the Eclecticist, an adept DEFE of Vehumet (D:15)
  5 draconian knights
  4 deep elf sorcerers
  3 fire giants
  2 ghost moths
  6 frost giants
  2 juggernaut zombies (Crypt:3)
  5 draconian shifters
  An emperor scorpion (Spider:4)
  12 vault wardens
  4 iron dragons
  Aizul (Spider:4)
  4 draconian scorchers
  4 curse skulls
  4 draconian stormcallers
  19 ironbound preservers
  3 orc warlords
  6 ghouls
  3 angels
  7 draconian annihilators
  11 ironbound thunderhulks
  11 quicksilver oozes
  A juggernaut skeleton (Crypt:1)
  4 war gargoyles
  23 very ugly things
  2 spriggan defenders (Depths:4)
  12 vampire knights
  7 stone giants
  3 broodmothers
  A caustic shrike skeleton (Depths:3)
  16 green draconians
  19 black draconians
  4 entropy weavers
  3 deep elf demonologists
  4 deep elf annihilators (Elf:3)
  A lorocyproca (D:11)
  8 spark wasps
  12 yellow draconians
  A minotaur (Shoals:3)
  A dire elephant (Zot:1)
  11 white draconians
  2 crystal guardians
  23 purple draconians
  18 red draconians
  10 ettins
  3 eidola
  7 deep elf death magi
  Josephine (D:11)
  6 merfolk impalers
  9 merfolk javelineers
  13 jiangshi
  12 yaktaur captains
  6 fire dragons
  2 rakshasas
  4 deep elf high priests
  A spriggan zombie (Crypt:3)
  13 great orbs of eyes
  6 boulder beetles
  31 vault guards
  3 peacekeepers
  10 ice dragons
  Harold (D:11)
  12 ironbound frosthearts
  4 spriggan air magi
  2 radroaches
  A death knight (Vaults:3)
  12 hydras
  2 merfolk avatars (Shoals:4)
  14 centaur warriors
  A catoblepas (Shoals:2)
  An alligator snapping turtle (Shoals:2)
  2 merfolk aquamancers (Shoals:4)
  5 ogre magi
  2 spriggan skeletons
  6 two-headed ogres
  20 dancing weapons
  7 hell hogs (Depths:1)
  4 satyrs (Shoals:3)
  9 deep troll earth magi
  8 death yaks
  4 deep troll shamans
  2 orc high priests
  7 vampire magi
  A holy swine (Zot:4)
  A titan zombie (Vaults:4)
  9 deep elf knights
  2 storm dragon zombies (Crypt:3)
  5 hell knights (Vaults:5)
  5 spriggan berserkers
  A titan skeleton (Crypt:1)
  A storm dragon skeleton (Vaults:4)
  A goliath frog (Lair:5)
  6 pharaoh ants
  2 sun moths
  Amaemon (Lair:2)
  2 glowing orange brains
  55 deep trolls
  2 shadow demons
  35 skeletal warriors
  5 iron trolls
  2 golden dragon zombies (Crypt:3)
  11 sea snakes
  2 death drakes (Depths:4)
  7 flayed ghosts
  8 orb spiders
  3 steelbarb worms
  11 phantasmal warriors
  3 orange crystal statues
  2 anaconda zombies
  14 deep elf archers
  7 necromancers
  7 orc knights
  A bunyip skeleton (Crypt:1)
  2 lindwurms
  16 ironbound convokers
  A bog body (Crypt:1)
  Pikel (D:6)
  19 wizards
  24 deep elf zephyrmancers
  27 harpies
  A tengu skeleton (Vaults:4)
  A wolf spider zombie (D:15)
  26 wolf spiders
  28 deep elf pyromancers
  50 ugly things
  5 shining eyes
  5 cyclopes
  24 moths of wrath
  14 fauns
  8 orc sorcerers
  A stone giant zombie (Crypt:3)
  15 manticores
  18 elephants
  A stone giant skeleton (Vaults:4)
  9 vault sentinels
  Joseph (D:7)
  3 water nymphs
  A fire giant skeleton (Vaults:2)
  A storm dragon simulacrum (Vaults:4)
  An eye of devastation (shapeshifter) (Vaults:4)
  A centaur zombie (D:15)
  4 black mambas
  6 torpor snails
  A naga mage (D:15)
  5 merfolk sirens
  2 human zombies
  An unseen horror (shapeshifter) (D:13)
  A centaur skeleton (D:15)
  An orange demon (Lair:2)
  30 cane toads
  A kobold demonologist (D:13)
  6 demonic crawlers
  2 ice devils (Depths:2)
  5 komodo dragons
  A yaktaur zombie (Vaults:4)
  A redback zombie (Crypt:1)
  3 tengu conjurers
  3 efreet
  8 rime drakes
  42 yaktaurs
  A hellwing (Depths:2)
  A hydra zombie (Crypt:3)
  9 freezing wraiths
  27 merfolk
  7 trolls
  5 meliai
  2 human skeletons
  7 harpy zombies
  A sphinx simulacrum (Depths:3)
  Grinder (D:6)
  2 tyrant leeches (Lair:5)
  A tyrant leech (shapeshifter) (Depths:1)
  124 slime creatures
  8 wind drakes
  17 tarantellas
  A raiju (shapeshifter) (Vaults:4)
  19 blink frogs
  10 hornets
  11 snapping turtles
  7 dream sheep
  19 culicivoras
  12 jumping spiders
  4 spriggans
  5 air elementals
  A centaur simulacrum (D:15)
  A jumping spider (shapeshifter) (Depths:4)
  27 vampires
  An elf zombie (Vaults:4)
  17 water elementals
  14 wyverns
  8 wraiths
  49 yaks
  6 basilisks
  2 fire elementals (Elf:2)
  A human (shapeshifter) (D:14)
  5 golden eyes (Slime:1)
  5 hogs (Lair:3)
  3 humans
  2 chaos spawn (Zot:4)
  5 wargs
  35 redbacks
  Menkaure (D:6)
  A steam dragon (D:8)
  7 vampire mosquitoes
  A yaktaur simulacrum (Vaults:2)
  A water nymph zombie (Crypt:1)
  2 glowing shapeshifter zombies
  A merfolk zombie (Crypt:3)
  A fire bat skeleton (Crypt:2)
  2 floating eyes
  2 hell hounds (Lair:3)
  18 water moccasins
  2 floating eyes (shapeshifter)
  A meliai simulacrum (D:14)
  2 ice beasts (Vaults:2)
  A sky beast (D:7)
  A faun skeleton (Crypt:3)
  A two-headed ogre skeleton (Crypt:1)
  2 cane toad skeletons
  3 black bears
  41 orc warriors
  5 boggarts (Vaults:1)
  2 great orb of eyes simulacra (IceCv)
  A manticore zombie (Shoals:4)
  4 wolves
  A floating eye zombie (Crypt:2)
  13 centaurs
  9 ogres
  4 slime creature simulacra (IceCv)
  An elephant skeleton (Crypt:1)
  2 phantoms
  A kobold brigand (D:7)
  20 bullfrogs
  A gnoll sergeant (D:10)
  2 necrophages
  5 earth elementals
  2 scorpions
  6 wights
  7 water moccasin zombies (Ossuary)
  11 killer bees
  A yak zombie (Crypt:1)
  A warg skeleton (Crypt:3)
  A shapeshifter skeleton (Crypt:1)
  2 howler monkeys (D:8)
  4 electric eels
  15 orc priests
  4 jellies
  4 iguanas
  21 orc wizards
  A black bear skeleton (Crypt:3)
  5 hell rats (Lair:3)
  A hound skeleton (Crypt:3)
  2 mummies (Ossuary)
  6 adders
  10 gnolls
  A steam dragon zombie (Crypt:2)
  3 shadow imps
  A white imp (D:8)
  4 ufetubi
  2 adder zombies (Ossuary)
  2 worms
  A dart slug (D:2)
  87 orcs
  6 ball pythons
  3 bats (D:1)
  12 endoplasms
  8 giant cockroaches
  A gnoll zombie (Ossuary)
  6 goblins
  9 hobgoblins
  3 jackals (D:1)
  16 kobolds
  5 quokkas
  5 frilled lizards
  6 hobgoblin zombies (Ossuary)
  A jackal skeleton (Crypt:1)
  2 kobold zombies (Ossuary)
  5 orc zombies (Ossuary)
  11 rats
  A butterfly (Zot:4)
2345 creatures vanquished.

Vanquished Creatures (collateral kills)
  A dread lich (Zot:5)
  Mennas (Depths:3)
  3 orbs of fire
  An ancient lich (Zot:5)
  Boris (Vaults:4)
  2 Killer Klowns (Zot:4)
  Bai Suzhen (Shoals:2)
  Nikola (Spider:4)
  An electric golem (Zot:1)
  A hellephant (Depths:1)
  A lich (Depths:3)
  Rupert (Lair:3)
  7 Orb Guardians (Zot:5)
  4 tentacled monstrosities
  A deep elf blademaster (Elf:2)
  4 titans (Vaults:5)
  A sphinx (Vaults:2)
  2 death cobs (Zot:1)
  2 storm dragons
  2 tengu reavers (Vaults:5)
  2 shadow dragons
  2 fire giants
  2 draconian scorchers (Zot:1)
  A frost giant (Vaults:5)
  An iron dragon (Depths:3)
  3 vault wardens (Vaults:5)
  A draconian annihilator (Zot:1)
  2 draconian shifters (Zot:1)
  3 ghost moths (Spider:4)
  A draconian stormcaller (Zot:1)
  A broodmother (Spider:4)
  5 ironbound preservers
  A very ugly thing (Vaults:5)
  2 angels
  3 stone giants (Vaults:5)
  2 ironbound thunderhulks
  A vampire knight (Depths:3)
  5 dire elephants
  A black draconian (Depths:4)
  A deep elf demonologist (Elf:3)
  2 yellow draconians (Zot:1)
  A fire dragon (Depths:4)
  An ettin (Depths:1)
  4 yaktaur captains
  A great orb of eyes (Vaults:1)
  A deep elf high priest (Vaults:5)
  2 vault guards (Vaults:1)
  A catoblepas (D:13)
  A death knight (D:14)
  A peacekeeper (Vaults:4)
  2 ironbound frosthearts (Vaults:1)
  3 radroaches (Spider:4)
  2 boulder beetles
  A centaur warrior (D:14)
  A deep troll shaman (Depths:4)
  A deep troll earth mage (Depths:3)
  2 hell hogs (Depths:1)
  A spriggan berserker (Depths:3)
  A hell knight (Depths:3)
  3 iron trolls (Depths:3)
  A skeletal warrior (D:14)
  A death drake (Depths:4)
  A sea snake (Shoals:4)
  19 deep trolls
  A steelbarb worm (Spider:4)
  A deep elf archer (Elf:3)
  3 harpies (Vaults:1)
  An ironbound convoker (Vaults:2)
  2 phantasmal warriors (Vaults:5)
  A necromancer (Vaults:5)
  2 wizards (Vaults:1)
  A deep elf pyromancer (Elf:3)
  2 lindwurms
  4 wolf spiders
  4 ugly things (Vaults:1)
  An elephant (Zot:1)
  A merfolk siren (Lair:2)
  4 vault sentinels
  6 yaktaurs
  A freezing wraith (D:14)
  3 merfolk
  A tyrant leech (Lair:5)
  A meliai (Spider:4)
  4 tarantellas (Spider:4)
  2 slime creatures (Vaults:1)
  A tarantella (shapeshifter) (Zot:4)
  4 jumping spiders
  3 culicivoras
  A human (Zot:1)
  A redback (Spider:4)
  An orc warrior (Orc:1)
  A centaur (D:14)
  An orc wizard (Orc:1)
  2 orcs (Orc:1)
  2 butterflies (Zot:4)
195 creatures vanquished.

Vanquished Creatures (others)
  An ice dragon (Depths:3)
  2 hell hogs (Depths:1)
  A deep elf knight (Elf:2)
  4 deep elf pyromancers
  A deep elf zephyrmancer (Elf:3)
  A manticore (Shoals:4)
  A water nymph (Shoals:4)
  A jumping spider (Spider:2)
  3 humans (Zot:1)
  A glowing shapeshifter simulacrum (IceCv)
  2 bushes (Lair:3)
  80 fungi
  4 pillars of salt (Zot:4)
  248 plants
  10 toadstools (D:3)
360 creatures vanquished.

Grand Total: 2900 creatures vanquished

Notes
Turn   | Place    | Note
-------+----------+-------------------------------------------
     0 | D:1      | magipi the Gargoyle Fighter began the quest for the Orb.
     0 | D:1      | Reached XP level 1. HP: 14/14 MP: 1/1
    92 | D:1      | Reached XP level 2. HP: 17/19 MP: 2/2
   363 | D:1      | Reached XP level 3. HP: 17/23 MP: 3/3
   985 | D:2      | Found a faded altar of an unknown god.
  1026 | D:2      | Found a basalt altar of Yredelemnul.
  1252 | D:2      | Reached XP level 4. HP: 23/28 MP: 4/4
  1635 | D:3      | Found Wiwo's Antique Armour Shop.
  1652 | D:3      | Bought a shiny helmet for 142 gold pieces
  1792 | D:3      | Reached XP level 5. HP: 32/32 MP: 5/5
  1855 | D:3      | Reached skill level 5 in Axes
  2372 | D:3      | Found a shimmering altar of Xom.
  2412 | D:3      | Found an opulent altar of Gozag.
  2759 | D:4      | Found a sand-covered staircase.
  2764 | Ossuary  | Entered an ossuary
  2792 | Ossuary  | Reached XP level 6. HP: 27/37 MP: 6/6
  2955 | Ossuary  | Reached XP level 7. HP: 39/41 MP: 7/7
  3850 | D:4      | Reached XP level 8. HP: 38/46 MP: 8/8
  4225 | D:5      | Entered Level 5 of the Dungeon
  4339 | D:5      | Reached skill level 1 in Throwing
  4339 | D:5      | Reached skill level 1 in Evocations
  4478 | D:5      | Noticed a wraith
  4516 | D:5      | Killed a wraith
  4727 | D:3      | Bought a pair of buzzing gloves for 180 gold pieces
  4727 | D:3      | Identified the +0 pair of gloves of Honour {rN+ Int+3} (You
                  | bought it in a shop on level 3 of the Dungeon)
  4796 | D:6      | Identified the +5 ring mail of Woepepeq {+Blink rPois Str-3
                  | Stlth+}
  4808 | D:6      | Found a staircase to the Ecumenical Temple.
  4834 | Temple   | Entered the Ecumenical Temple
  4855 | Temple   | Became a worshipper of the Shining One
  4948 | D:6      | Noticed Grinder
  4948 | D:6      | Noticed Menkaure
  4948 | D:6      | Paralysed by Grinder for 3 turns
  4971 | D:6      | Killed Menkaure
  4994 | D:6      | Killed Grinder
  4995 | D:6      | Reached XP level 9. HP: 46/51 MP: 9/9
  5116 | D:6      | Found a broken altar of Ashenzari.
  5330 | D:6      | Noticed Pikel
  5342 | D:6      | Killed Pikel
  5561 | D:7      | Found a sacrificial altar of Ru.
  6003 | D:7      | Noticed Joseph
  6022 | D:7      | Killed Joseph
  6023 | D:7      | Reached skill level 5 in Throwing
  6023 | D:7      | Reached skill level 5 in Evocations
  6260 | D:7      | Reached skill level 10 in Axes
  6337 | D:7      | Reached XP level 10. HP: 56/56 MP: 10/10
  6446 | D:7      | Found a snail-covered altar of Cheibriados.
  6772 | D:8      | Reached * piety under the Shining One
  7843 | D:9      | Reached ** piety under the Shining One
  8183 | D:9      | Found a staircase to the Orcish Mines.
  8340 | D:9      | Identified the +10 mace "Eviscerator" {pain, Will+ Str-4
                  | Int+6}
  8597 | D:10     | Entered Level 10 of the Dungeon
  8986 | D:10     | Found a glowing silver altar of Zin.
  9007 | D:10     | Reached XP level 11. HP: 55/60 MP: 11/11
  9037 | D:10     | Noticed a two-headed ogre
  9046 | D:10     | Killed a two-headed ogre
  9122 | D:10     | Found a staircase to the Lair.
 10354 | D:11     | You fall into a shaft and drop 1 floor!
 10861 | D:11     | Identified the +1 pair of boots of Noejeul {rCorr}
 10872 | D:11     | Reached *** piety under the Shining One
 10888 | D:11     | Reached skill level 5 in Fighting
 10888 | D:11     | Reached skill level 5 in Armour
 10898 | D:11     | Noticed a two-headed ogre
 10905 | D:11     | Killed a two-headed ogre
 11002 | D:11     | Reached XP level 12. HP: 54/68 MP: 12/12
 11080 | D:11     | Noticed Josephine
 11084 | D:11     | Noticed Harold
 11092 | D:11     | Killed Harold
 11100 | D:11     | Killed Josephine
 11100 | D:11     | Noticed a six-headed hydra
 11137 | D:12     | Noticed a two-headed ogre
 11167 | D:12     | Killed a two-headed ogre
 11726 | D:11     | Killed a six-headed hydra
 11940 | Lair:1   | Entered Level 1 of the Lair of Beasts
 12101 | Lair:1   | Found a gate leading to a gauntlet.
 12110 | Gauntlet | Entered a Gauntlet
 12110 | Gauntlet | Found a transporter.
 12114 | Gauntlet | Found a transporter.
 12117 | Gauntlet | Found a transporter.
 12121 | Gauntlet | Found a runed translucent door.
 12121 | Gauntlet | Found a runed translucent door.
 12121 | Gauntlet | Reached **** piety under the Shining One
 12125 | Gauntlet | Found a transporter.
 12129 | Gauntlet | Found a transporter.
 12137 | Gauntlet | Found a transporter.
 12141 | Gauntlet | Found a transporter.
 12152 | Gauntlet | Found a transporter.
 12153 | Gauntlet | Found a transporter.
 12161 | Gauntlet | Found a transporter.
 12182 | Gauntlet | Found a transporter.
 12194 | Gauntlet | Found a transporter.
 12206 | Gauntlet | Found a transporter.
 12218 | Gauntlet | Found a transporter.
 12611 | Lair:1   | Found a snail-covered altar of Cheibriados.
 12628 | Lair:1   | Reached skill level 1 in Invocations
 12721 | Lair:2   | Noticed Amaemon
 12775 | Lair:2   | Noticed an eight-headed hydra
 12790 | Lair:2   | Killed an eight-headed hydra
 13377 | Lair:2   | Reached skill level 2 in Invocations
 13633 | Lair:2   | Reached XP level 13. HP: 72/76 MP: 15/15
 13643 | Lair:2   | Reached skill level 3 in Invocations
 13729 | Lair:2   | Killed Amaemon
 14301 | Lair:2   | Reached skill level 4 in Invocations
 14329 | Lair:2   | Identified the ring of the Rose {Ice rElec rCorr}
 14331 | Lair:2   | Identified the +5 war axe "Naloc" {venom, rC++ rCorr}
 14841 | Lair:2   | Found a staircase to the Shoals.
 14841 | Lair:2   | Reached ***** piety under the Shining One
 15236 | Lair:3   | Found a hole to the Spider Nest.
 15653 | Lair:3   | Reached skill level 5 in Invocations
 15780 | Lair:3   | Noticed Sonja
 15993 | Lair:3   | Reached skill level 10 in Throwing
 15993 | Lair:3   | Reached skill level 10 in Evocations
 16292 | Lair:3   | Noticed Kirke
 16314 | Lair:3   | Noticed Rupert
 16637 | Orc:1    | Entered Level 1 of the Orcish Mines
 16973 | Orc:1    | Noticed Gastronok
 16997 | Orc:1    | Killed Gastronok
 16998 | Orc:1    | Gained mutation: Your large and strong wings let you fly.
                  | [Gargoyle growth]
 16998 | Orc:1    | Reached XP level 14. HP: 52/84 MP: 18/18
 17022 | Orc:1    | Noticed Snorg
 17197 | Orc:2    | Entered Level 2 of the Orcish Mines
 17197 | Orc:2    | Noticed an orc warlord
 17197 | Orc:2    | Found Ureebb's Antique Armour Shoppe.
 17256 | Orc:1    | Noticed Snorg
 17256 | Orc:1    | Snorg changed into Snorg the iguana
 17260 | Orc:1    | Killed Snorg the iguana
 17427 | Orc:2    | Found a staircase to the Elven Halls.
 17673 | Orc:1    | Killed an orc warlord
 17900 | Orc:1    | Reached skill level 6 in Invocations
 18332 | Orc:2    | Bought a glowing cloak for 285 gold pieces
 18887 | Orc:2    | Noticed an orc warlord
 18974 | Orc:2    | Paralysed by an orc sorcerer for 5 turns
 19313 | Orc:2    | Killed an orc warlord
 19679 | Orc:2    | HP: 3/86 [orc warrior/+0 hand axe (8)]
 20124 | Orc:2    | Found Qeogola's General Store.
 20139 | Orc:2    | Found Olenexuf's Book Emporium.
 20219 | Orc:2    | Bought a potion of curing for 45 gold pieces
 20219 | Orc:2    | Bought a scroll of identify for 30 gold pieces
 20222 | Orc:2    | Found Teunibef's Antique Weapon Emporium.
 21368 | D:13     | Reached skill level 7 in Invocations
 21742 | D:13     | Found a gate to the Vaults.
 21743 | D:13     | Noticed an ironbound preserver
 21803 | D:13     | Reached skill level 10 in Fighting
 21841 | D:13     | Reached skill level 10 in Armour
 21871 | D:13     | Reached ****** piety under the Shining One
 22103 | D:12     | Killed an ironbound preserver
 22681 | D:13     | Identified a +3 broad axe of holy wrath (a +1 broad axe
                  | blessed by the Shining One)
 22681 | D:13     | Received a gift from the Shining One
 22860 | Lair:3   | Reached XP level 15. HP: 92/92 MP: 20/20
 23052 | Lair:3   | Reached skill level 1 in Dodging
 23097 | Lair:3   | Noticed Sonja
 23097 | Lair:3   | Sonja changed into Sonja the black bear
 23112 | Lair:2   | Killed Kirke
 23113 | Lair:2   | Reached skill level 8 in Invocations
 23159 | Lair:3   | Killed Sonja the black bear
 23178 | Lair:3   | Killed Rupert
 23221 | Lair:3   | Identified the amulet of Scepticism {Acrobat Str+4 Int+3}
 23231 | Lair:3   | You are sucked into a shaft and drop 1 floor!
 23528 | Lair:4   | Identified the +4 leather armour of Optimism {rPois Int+5
                  | Dex-5}
 23555 | Lair:4   | Found a broken altar of Ashenzari.
 23693 | Lair:5   | Entered Level 5 of the Lair of Beasts
 23861 | Lair:5   | Reached skill level 5 in Shields
 24459 | Lair:5   | Found a viscous altar of Jiyva.
 24475 | Lair:5   | Found a staircase to the Slime Pits.
 24575 | Lair:5   | Reached skill level 9 in Invocations
 25804 | D:14     | Reached XP level 16. HP: 97/97 MP: 16/23
 25856 | D:14     | Found a hide-covered altar of Uskayaw.
 26245 | D:15     | Entered Level 15 of the Dungeon
 26305 | D:15     | Paralysed by an ogre mage for 2 turns
 26449 | D:15     | Reached skill level 10 in Invocations
 26751 | D:15     | Noticed Vochiuc's ghost (adept DEFE)
 26752 | D:15     | Found a transporter.
 26800 | D:15     | Found a transporter.
 26955 | D:15     | Identified the +1 robe of Pizxauxu {Contam Fly Int+4}
 27822 | D:15     | Found a staircase to the Depths.
 28102 | Spider:1 | Entered Level 1 of the Spider Nest
 28110 | Spider:1 | Noticed Donald
 28127 | Spider:1 | Killed Donald
 28173 | Spider:1 | Reached skill level 15 in Axes
 28667 | Spider:1 | Reached skill level 11 in Invocations
 29700 | Spider:2 | Identified the +6 long sword of Deymmil {speed, rC+}
 30466 | Spider:2 | Reached XP level 17. HP: 89/102 MP: 25/25
 30586 | Spider:2 | Identified the +10 quarterstaff of the Chewing Soothsayer
                  | {speed, rN+ Int-3 Dex+5}
 30644 | Spider:2 | Found the dreamshard necklace {*Dream Drain}
 30774 | Spider:2 | Reached skill level 10 in Shields
 30800 | Spider:2 | Reached skill level 12 in Invocations
 31791 | Shoals:1 | Entered Level 1 of the Shoals
 31791 | Shoals:1 | Found Unut's Armour Shoppe.
 32578 | Shoals:2 | Noticed Ilsuiw
 32599 | Shoals:2 | Found Hasuto's Overcharged Wands.
 32608 | Shoals:2 | Bought a wand of quicksilver (18) for 1134 gold pieces
 32650 | Shoals:2 | Found Irchuidghe's Antique Weapon Boutique.
 33730 | Shoals:2 | Killed Ilsuiw
 33960 | Shoals:2 | Reached skill level 13 in Invocations
 34315 | Shoals:2 | Noticed Polyphemus
 34334 | Shoals:2 | Killed Polyphemus
 34648 | Shoals:3 | Noticed Bai Suzhen
 34938 | Shoals:3 | Found a frozen archway.
 35052 | IceCv    | Entered an ice cave
 35318 | IceCv    | Reached skill level 14 in Invocations
 36136 | IceCv    | Found a viscous altar of Jiyva.
 37089 | Spider:3 | Reached XP level 18. HP: 107/108 MP: 28/28
 37518 | Spider:4 | Entered Level 4 of the Spider Nest
 38029 | Spider:4 | Reached skill level 15 in Invocations
 38176 | Spider:4 | Noticed Aizul
 38190 | Spider:4 | Killed Aizul
 38579 | Shoals:2 | Killed Bai Suzhen
 38580 | Shoals:2 | Reached skill level 5 in Dodging
 38900 | Shoals:3 | Noticed Mara
 38945 | Shoals:3 | Noticed magipi's illusion
 39094 | Shoals:3 | Noticed magipi's illusion
 39115 | Shoals:3 | Killed Mara
 39801 | Shoals:3 | Found a hide-covered altar of Uskayaw.
 39869 | Shoals:4 | Entered Level 4 of the Shoals
 40467 | Shoals:4 | Identified the +1 chain mail "Jyniq" {+Inv rC+ Dex-4}
 41338 | Shoals:4 | Got a barnacled rune of Zot
 41802 | Shoals:4 | Reached XP level 19. HP: 106/112 MP: 30/30
 42396 | Elf:1    | Entered Level 1 of the Elven Halls
 42429 | Elf:1    | Found a runed translucent door.
 42439 | Elf:1    | Noticed Vaibem's ghost (veteran MiGl)
 42749 | Elf:1    | Found Ahaxenk's Assorted Antiques.
 42757 | Elf:1    | Bought a potion of heal wounds for 185 gold pieces
 42757 | Elf:1    | Bought a scroll of teleportation for 111 gold pieces
 42852 | Elf:1    | Reached skill level 10 in Dodging
 42867 | Elf:1    | Paralysed by an air elemental for 1 turns
 42868 | Elf:1    | HP: 3/112 [deep elf knight/+0 long sword (5)]
 42896 | Elf:1    | Paralysed by an air elemental for 1 turns
 43730 | Elf:1    | Paralysed by an air elemental for 1 turns
 43733 | Elf:1    | Paralysed by an air elemental for 1 turns
 44591 | Elf:2    | Found a runed translucent gate.
 44592 | Elf:2    | Found a runed translucent gate.
 44592 | Elf:2    | Found a runed translucent gate.
 44747 | Elf:2    | Noticed Zenata
 44766 | Elf:2    | Killed Zenata
 44869 | Elf:3    | Entered Level 3 of the Elven Halls
 45163 | Elf:2    | Paralysed by an air elemental for 1 turns
 45272 | Elf:3    | Found Houbb's Weapon Emporium.
 45284 | Elf:3    | Noticed Roxanne
 46629 | Elf:3    | Reached XP level 20. HP: 114/121 MP: 24/31
 46762 | Elf:3    | Identified the ring of Puumm {rElec rN+ Will+ rCorr Dex+6}
 46903 | Elf:3    | Identified the +5 ring mail of Somewhere Else {*Corrode
                  | Str-4 Int+8 Stlth+}
 47338 | Elf:3    | Reached skill level 16 in Invocations
 47368 | Elf:3    | Noticed Asterion
 47654 | Elf:3    | Killed Asterion
 47695 | Elf:3    | Identified the +3 great mace of Sequestration {antimagic,
                  | rC+ rCorr Str-2}
 47695 | Elf:3    | Identified the +7 great mace "Ronoodgh" {vorpal, rC++
                  | Str-3}
 47695 | Elf:3    | Identified the ring "Bymaps" {AC+4 Int+3}
 47788 | Elf:3    | Identified the +2 scimitar of Checkmate {vamp, Int+3}
 48010 | Elf:3    | Got Plog's Monograph on the Aerial Mountains
 48017 | Elf:3    | Identified the +1 triple crossbow of Tyuffupn {venom, MP+9
                  | Dex+4}
 48029 | Elf:3    | Identified the +1 ring mail of Norucwi {Int+2}
 48383 | Vaults:1 | Entered Level 1 of the Vaults
 49442 | Vaults:1 | HP: 6/124 [ironbound preserver/+0 morningstar (21)]
 49869 | Vaults:1 | Reached skill level 17 in Invocations
 50196 | Vaults:2 | Reached XP level 21. HP: 127/129 MP: 25/33
 50699 | Vaults:2 | Found Kupeix's Armour Boutique.
 51049 | Vaults:2 | Identified a scroll of acquirement
 51052 | Vaults:2 | Acquired a manual of Dodging
 51984 | Vaults:3 | Found a staircase to the Crypt.
 52418 | Vaults:3 | Found Axzan Soa's Weapon Emporium.
 52503 | Vaults:3 | Identified the +1 trident of Kotsucvu {pain, Int+2}
 52803 | Vaults:3 | Reached skill level 18 in Invocations
 53329 | Vaults:3 | Reached XP level 22. HP: 136/138 MP: 35/35
 53626 | Vaults:4 | Noticed Boris
 53633 | Vaults:4 | Killed Boris
 53663 | Vaults:4 | Found a crumbling gateway.
 53940 | Vaults:4 | Reached skill level 15 in Fighting
 53977 | Vaults:4 | Reached skill level 15 in Armour
 54623 | Vaults:4 | Reached skill level 15 in Evocations
 55467 | D:15     | Killed Vochiuc's ghost
 55483 | D:15     | Identified the ring "Samutae" {Ice Dex+7 SInv}
 55531 | Depths:1 | Entered Level 1 of the Depths
 55603 | Depths:1 | Reached skill level 15 in Dodging
 55614 | Depths:1 | Found a one-way gate to the infinite horrors of the Abyss.
 55658 | Depths:1 | Found a blossoming altar of Fedhas.
 55693 | Depths:1 | Found a sacrificial altar of Ru.
 55850 | Depths:1 | Found a gateway to Hell.
 56248 | Depths:2 | Reached XP level 23. HP: 137/145 MP: 36/36
 56388 | Depths:2 | Noticed an ancient lich
 56404 | Depths:2 | Killed an ancient lich
 56468 | Depths:2 | Found a hazy altar of Hepliaklqana.
 56584 | Depths:2 | Found a one-way gate leading to the halls of Pandemonium.
 57219 | Depths:3 | Identified the +8 dagger of Tecren {speed, rElec rF+ Int+2
                  | Stlth+}
 57229 | Depths:3 | Identified the +2 tower shield of the Bright Slug {rN+}
 57229 | Depths:3 | Noticed Mennas
 57242 | Depths:3 | Killed Mennas
 57243 | Depths:3 | Reached skill level 19 in Invocations
 57295 | Depths:3 | You are sucked into a shaft and drop 1 floor!
 57295 | Depths:4 | Entered Level 4 of the Depths
 57299 | Depths:4 | Found a one-way gateway to a ziggurat.
 57330 | Depths:4 | Noticed a caustic shrike
 57331 | Depths:4 | Noticed a caustic shrike
 57332 | Depths:4 | Noticed a caustic shrike
 57336 | Depths:4 | Noticed a caustic shrike
 57340 | Depths:4 | Killed a caustic shrike
 57340 | Depths:4 | Killed a caustic shrike
 57341 | Depths:4 | Killed a caustic shrike
 57343 | Depths:4 | Killed a caustic shrike
 57391 | Depths:4 | Noticed a golden dragon
 57404 | Depths:4 | Killed a golden dragon
 58107 | Depths:3 | Identified the ring of Coil {rPois rC+ Will+ MP-9}
 58287 | Depths:3 | Paralysed by a sphinx for 3 turns
 58613 | Depths:3 | Reached XP level 24. HP: 156/156 MP: 36/36
 58630 | Depths:3 | Identified the +8 battleaxe of Instinct {freeze, rN+ Will+
                  | rCorr}
 58902 | Depths:3 | Identified the +2 helmet of Parlour Games {rPois rF+++
                  | Stlth-}
 58902 | Depths:3 | Identified the +8 short sword "Gomay" {drain, rN+}
 59486 | Depths:4 | Reached skill level 20 in Invocations
 61063 | Depths:4 | Found a glowing golden altar of the Shining One.
 61457 | Depths:4 | Found a gate to the Realm of Zot.
 61832 | Vaults:4 | Learned a level 1 spell: Apportation
 61835 | Vaults:4 | Learned a level 2 spell: Blink
 61838 | Vaults:5 | Entered Level 5 of the Vaults
 61868 | Vaults:4 | Reached skill level 1 in Translocations
 61872 | Vaults:4 | Reached skill level 1 in Spellcasting
 62808 | Vaults:5 | Paralysed by a sphinx for 2 turns
 63133 | Vaults:5 | Reached XP level 25. HP: 163/163 MP: 37/37
 63164 | Vaults:5 | Identified the ring "Jucil" {Contam rC+ Int+2 SInv}
 63232 | Vaults:5 | Reached skill level 5 in Translocations
 63366 | Vaults:5 | Noticed an ancient lich
 63386 | Vaults:5 | Killed an ancient lich
 63496 | Vaults:5 | Noticed an ancient lich
 63506 | Vaults:5 | Killed an ancient lich
 63516 | Vaults:5 | Found the +3 greatsling "Punk" {acid, rCorr}
 63582 | Vaults:5 | Identified the amulet "Bamanis" {Faith Contam rC+ Regen+
                  | Str+5}
 63592 | Vaults:5 | Identified the +7 war axe "Impbane" {freeze, Fragile rElec
                  | Will+}
 63694 | Vaults:5 | Identified the +8 mace of Gravity {speed, rElec}
 63733 | Vaults:5 | Reached skill level 5 in Spellcasting
 63752 | Vaults:5 | Found the +3 giant club "Skullcrusher" {speed, Str+7}
 63754 | Vaults:5 | Got Yqaxaf's Catalogue of Lethal Elsewhere
 63756 | Vaults:5 | Identified the ring of Tonygif {rC+ Dex+6 Stlth+}
 63911 | Vaults:5 | Identified the +9 trident of Terra Nullius {drain, rN+
                  | Will+++ Dex-5 SInv Stlth+}
 64137 | Vaults:5 | Noticed Frederick
 64153 | Vaults:5 | Killed Frederick
 64484 | Vaults:5 | Got the Compilation of Frozen Embers
 64488 | Vaults:5 | Got a silver rune of Zot
 64620 | Crypt:1  | Entered Level 1 of the Crypt
 64762 | Crypt:1  | Noticed Boris
 64781 | Crypt:1  | Killed Boris
 64782 | Crypt:1  | Reached skill level 10 in Translocations
 64917 | Crypt:3  | Entered Level 3 of the Crypt
 65013 | Crypt:3  | Found a runed translucent door.
 65014 | Crypt:3  | Found a shimmering altar of Xom.
 65014 | Crypt:3  | Noticed Teduw's ghost (veteran MiGl)
 65049 | Crypt:3  | Reached XP level 26. HP: 168/168 MP: 37/37
 65135 | Crypt:3  | Found the +11 plutonium sword {Contam Stlth-}
 65578 | Crypt:3  | Noticed Jory
 65583 | Crypt:3  | Killed Jory
 65749 | Crypt:3  | Killed Teduw's ghost
 65839 | Crypt:2  | Reached skill level 21 in Invocations
 65964 | Crypt:1  | Acquired 608 gold pieces
 66309 | Spider:4 | Noticed Nikola
 66325 | Spider:4 | Killed Nikola
 66399 | Spider:4 | Reached skill level 15 in Shields
 66468 | Spider:4 | Got a gossamer rune of Zot
 66743 | Slime:1  | Entered Level 1 of the Pits of Slime
 66806 | Slime:2  | Gained mutation: You occasionally lose the ability to read
                  | scrolls when taking damage. [a shining eye]
 66829 | Slime:3  | Reached skill level 22 in Invocations
 66976 | Slime:5  | Entered Level 5 of the Pits of Slime
 67219 | Slime:5  | Noticed the Royal Jelly
 67228 | Slime:5  | Killed the Royal Jelly
 67229 | Slime:5  | Reached skill level 23 in Invocations
 67548 | Slime:5  | Got a slimy rune of Zot
 67568 | Slime:5  | Identified the +4 quarterstaff "Testudineslayer" {elec,
                  | rF+}
 67595 | Slime:5  | Identified the +2 battleaxe of Hepliaklqana's Hatred {holy,
                  | rPois rF+ Str+4}
 67618 | Slime:5  | Identified the +10 flail "Pongoeso" {flame, rC+ Str-2
                  | Int+4}
 68408 | Elf:1    | Killed Vaibem's ghost
 68409 | Elf:1    | Reached XP level 27. HP: 173/173 MP: 33/38
 68960 | Zot:1    | Entered Level 1 of the Realm of Zot
 69065 | Zot:1    | Noticed an orb of fire
 69080 | Zot:1    | Gained mutation: Armour fits poorly on your strangely
                  | shaped body. [an orb of fire]
 69081 | Zot:1    | Killed an orb of fire
 69082 | Zot:1    | Reached skill level 24 in Invocations
 69943 | Zot:1    | Reached skill level 25 in Invocations
 70228 | Zot:1    | Noticed an orb of fire
 70241 | Zot:1    | Killed an orb of fire
 70793 | Zot:2    | Reached skill level 26 in Invocations
 71205 | Zot:2    | Noticed an orb of fire
 71216 | Zot:2    | Killed an orb of fire
 71918 | Zot:3    | Identified the +7 dagger of the Little People {vorpal,
                  | Will+ Int+5 Dex-2 Stlth+}
 73230 | Zot:3    | Found the +4 dragonskin cloak
 73230 | Zot:3    | Noticed Tiamat
 74647 | Zot:3    | Killed Tiamat
 75127 | Zot:4    | Found a shimmering altar of Xom.
 75127 | Zot:4    | Found a shimmering altar of Xom.
 75127 | Zot:4    | Found a shimmering altar of Xom.
 75129 | Zot:4    | Found a shimmering altar of Xom.
 75129 | Zot:4    | Found a shimmering altar of Xom.
 75129 | Zot:4    | Found a shimmering altar of Xom.
 75129 | Zot:4    | Found a shimmering altar of Xom.
 75129 | Zot:4    | Found a shimmering altar of Xom.
 75129 | Zot:4    | Found a shimmering altar of Xom.
 75133 | Zot:4    | Found a glowing silver altar of Zin.
 75456 | Zot:5    | Entered Level 5 of the Realm of Zot
 75456 | Zot:5    | Found a runed translucent gate.
 75456 | Zot:5    | Found a runed translucent gate.
 75456 | Zot:5    | Found an ancient bone altar of Kikubaaqudgha.
 75456 | Zot:5    | Found a runed translucent gate.
 75473 | Zot:5    | Noticed an orb of fire
 75473 | Zot:5    | Gained mutation: You are clumsy. (Dex -2) [an orb of fire]
 75477 | Zot:5    | Noticed an ancient lich
 75477 | Zot:5    | Noticed an ancient lich
 75477 | Zot:5    | Noticed a dread lich
 75478 | Zot:5    | Noticed a dread lich
 75478 | Zot:5    | Noticed Flapstick's ghost (legendary HaBe)
 75506 | Zot:4    | Gained mutation: Your movements are slightly less
                  | encumbered by armour. (ER -2) [an orb of fire]
 75514 | Zot:4    | Killed an orb of fire
 75618 | Zot:4    | Lost mutation: You are clumsy. (Dex -2) [potion of
                  | mutation]
 75618 | Zot:4    | Lost mutation: You occasionally lose the ability to read
                  | scrolls when taking damage. [potion of mutation]
 75618 | Zot:4    | Gained mutation: You have sharp fingernails. [potion of
                  | mutation]
 75618 | Zot:4    | Gained mutation: You are dopey. (Int -2) [potion of
                  | mutation]
 75618 | Zot:4    | Gained mutation: You have a pair of small horns on your
                  | head. [potion of mutation]
 75618 | Zot:4    | Gained mutation: You have a pair of horns on your head.
                  | [potion of mutation]
 76266 | Zot:5    | Lost mutation: You are dopey. (Int -2) [potion of mutation]
 76266 | Zot:5    | Lost mutation: You have a pair of horns on your head.
                  | [potion of mutation]
 76266 | Zot:5    | Lost mutation: Armour fits poorly on your strangely shaped
                  | body. [potion of mutation]
 76266 | Zot:5    | Gained mutation: You have sharp toenails. [potion of
                  | mutation]
 76266 | Zot:5    | Gained mutation: You possess an exceptional clarity of
                  | mind. [potion of mutation]
 76742 | Zot:5    | Noticed an ancient lich
 76765 | Zot:5    | Noticed an orb of fire
 76768 | Zot:5    | Killed an ancient lich
 76768 | Zot:5    | Noticed an orb of fire
 76768 | Zot:5    | Noticed a dread lich
 76768 | Zot:5    | Noticed an orb of fire
 76769 | Zot:5    | Noticed an orb of fire
 76776 | Zot:5    | Noticed a dread lich
 76782 | Zot:5    | Gained mutation: You occasionally shout uncontrollably at
                  | your foes. [an orb of fire]
 76784 | Zot:5    | Noticed an ancient lich
 76788 | Zot:5    | Noticed a dread lich
 76789 | Zot:5    | Killed an orb of fire
 76791 | Zot:5    | Gained mutation: You have hidden genetic defects. [an orb
                  | of fire]
 77102 | Zot:4    | Gained mutation: Your magical capacity is low. (-10% MP)
                  | [an orb of fire]
 77107 | Zot:4    | Gained mutation: You occasionally lose the ability to drink
                  | potions when taking damage. [an orb of fire]
 77107 | Zot:4    | Gained mutation: You occasionally lose the ability to read
                  | scrolls when taking damage. [an orb of fire]
 77116 | Zot:4    | Gained mutation: You sometimes lose the ability to read
                  | scrolls when taking damage. [an orb of fire]
 77118 | Zot:4    | Killed an orb of fire
 77272 | Zot:5    | Killed a dread lich
 77275 | Zot:5    | Gained mutation: You are clumsy. (Dex -2) [an orb of fire]
 77279 | Zot:4    | Killed a dread lich
 77280 | Zot:4    | Gained mutation: Your body sometimes deteriorates upon
                  | taking damage. [an orb of fire]
 77283 | Zot:4    | Gained mutation: You are dopey. (Int -2) [an orb of fire]
 77287 | Zot:4    | Killed an orb of fire
 77372 | Zot:4    | Paralysed by a dread lich for 3 turns
 77388 | Zot:4    | Killed a dread lich
 77811 | Zot:5    | Killed an orb of fire
 77829 | Zot:5    | Gained mutation: Your magical capacity is very low. (-20%
                  | MP) [hidden defects]
 77965 | Zot:5    | Noticed a dread lich
 78210 | Zot:5    | Noticed an ancient lich
 78219 | Zot:5    | Killed an ancient lich
 78238 | Zot:5    | Killed a dread lich
 78263 | Zot:5    | Lost mutation: Your body sometimes deteriorates upon taking
                  | damage. [potion of mutation]
 78263 | Zot:5    | Lost mutation: You occasionally lose the ability to drink
                  | potions when taking damage. [potion of mutation]
 78263 | Zot:5    | Lost mutation: You have hidden genetic defects. [potion of
                  | mutation]
 78264 | Zot:5    | Lost mutation: You sometimes lose the ability to read
                  | scrolls when taking damage. [potion of mutation]
 78264 | Zot:5    | Lost mutation: You occasionally shout uncontrollably at
                  | your foes. [potion of mutation]
 78264 | Zot:5    | Lost mutation: You possess an exceptional clarity of mind.
                  | [potion of mutation]
 78264 | Zot:5    | Gained mutation: You are weak. (Str -2) [potion of
                  | mutation]
 78264 | Zot:5    | Lost mutation: You are dopey. (Int -2) [potion of mutation]
 78265 | Zot:5    | Lost mutation: You have sharp fingernails. [potion of
                  | mutation]
 78265 | Zot:5    | Lost mutation: You have a pair of small horns on your head.
                  | [potion of mutation]
 78265 | Zot:5    | Lost mutation: You are clumsy. (Dex -2) [potion of
                  | mutation]
 78265 | Zot:5    | Gained mutation: You are robust. (+10% HP) [potion of
                  | mutation]
 78495 | Zot:4    | Reached skill level 27 in Invocations
 78763 | Zot:5    | Noticed a dread lich
 78778 | Zot:5    | Killed a dread lich
 79275 | Zot:5    | Noticed an ancient lich
 79284 | Zot:5    | Killed an ancient lich
 79298 | Zot:5    | Killed an ancient lich
 79318 | Zot:5    | Noticed an ancient lich
 79333 | Zot:5    | Killed an ancient lich
 79453 | Zot:5    | Got the Orb of Zot
 79594 | Depths:4 | Noticed Seuliyt the pandemonium lord
 79972 | D:$      | Escaped with the Orb!

Illustrated notes

Levels and vault maps discovered:
D:1:      amcnicky_arrival_abandoned_market, layout_basic,
          minmay_worlds_worst_comb
D:2:      layout_basic, basic_altar,
          dreamdust_ecumenical_altar_angels_and_demons,
          kennysheep_generic_room_2
D:3:      cheibrodos_fertilizer, layout_basic,
          mainiacjoe_overflow_surrounded_room,
          mainiacjoe_overflow_concentric_impassable, serial_shops,
          nicolae_shop_statue_plus
D:4:      layout_basic, enter_ossuary_2, minmay_puff
D:5:      layout_rooms
D:6:      layout_loops_corners, mainiacjoe_overflow_24_doors,
          grunt_temple_overflow_bloody_war, minmay_temple_entry_sparse_star,
          uniq_grinder, uniq_menkaure, uniq_pikel, uniq_crazy_yiuf_cottage
D:7:      layout_basic, nicolae_overflow_crystal_walls, amcnicky_altar_gilded,
          minivault_27, uniq_joseph
D:8:      layout_loops_ring
D:9:      layout_irregular_city, david_orc_4, hangedman_decor_diamond_cutter
D:10:     nicolae_cairo_tiling_very_big, layout_gridville,
          mainiacjoe_overflow_paths
D:11:     layout_rooms, ldierk_geyser, uniq_harold, uniq_josephine
D:12:     layout_basic
D:13:     layout_roguey [special_room_orc], skrybe_vaults_entry_preservation,
          serial_aquarium, aquarium_bridge_island_large
          [aquarium_subvault_large_open, aquarium_subvault_bridge,
          aquarium_subvault_window, aquarium_subvault_wall,
          aquarium_subvault_wall], aquarium_window_1, aquarium_window_fake,
          aquarium_view_2c, aquarium_balcony_3b, aquarium_pool_2
D:14:     evilmike_makhleb_hellhole, layout_loops_ring,
          infiniplex_staircase_pillars_1, eat_drink_and_be_merry_uskayaw
D:15:     grunt_enter_depths_magical_seal, layout_basic, gammafunk_ghost_arena
Temple:   eino_temple_lava
Lair:1:   layout_cave_pods, gauntlet_entry_generic, minivault_25,
          lemuel_centaur_altar
Lair:2:   nzn_winding_woodlands_stair_trap
          [nzn_winding_woodlands_5x15_split_checker,
          nzn_winding_woodlands_5x15_crooked,
          nzn_winding_woodlands_5x15_concentric,
          nzn_winding_woodlands_15x15_thick_spiral,
          nzn_winding_woodlands_5x15_sidewinder,
          nzn_winding_woodlands_5x15_longhouse,
          nzn_winding_woodlands_5x15_pool], layout_long_grid,
          elwin_shoals_entry_stream, infiniplex_staircase_pool_2,
          lemuel_fruit_tree, uniq_amaemon
Lair:3:   layout_loops_ring, spider_nest_entry_web_field, special_room
          [special_room_mythical_zoo], nicolae_lair_grazing_beasts
          [nicolae_sub_lair_graze_edge, nicolae_sub_lair_graze_edge,
          nicolae_sub_lair_graze_edge, nicolae_sub_lair_graze_edge], uniq_sonja,
          uniq_rupert, uniq_kirke
Lair:4:   layout_small_grid, basic_altar
Lair:5:   minmay_lair_end_frog_pond, layout_loops_ring,
          minmay_slime_entry_pillars, serial_bayou_pond_d
Shoals:1: layout_shoals, serial_shops, shop
Shoals:2: layout_shoals, serial_shops, nicolae_shop_crystal,
          nicolae_shop_overcharged_wands, uniq_ilsuiw, uniq_polyphemus
Shoals:3: layout_shoals, portal_ice_cave_entry_frozen_things,
          regret_index_shoals_crete, uniq_bai_suzhen, uniq_mara
Shoals:4: shoals_end_hangedman, layout_shoals, nicolae_shoals_undead_eyrie
Spider:1: layout_spider_delve, spiders_nest_hornet_nest, uniq_donald
Spider:2: layout_spider_delve, hangedman_spider_tarantella_strand
Spider:3: layout_spider_delve
Spider:4: grunt_spider_rune_parallel, nicolae_spider_checkerboard, uniq_aizul,
          uniq_nikola
Slime:1:  layout_caves
Slime:2:  nicolae_slime_jelly_donut, layout_caves, uniq_dissolution
Slime:3:  layout_caves, special_room [special_room_jelly]
Slime:4:  layout_caves, dissolution_awaits
Slime:5
Orc:1:    layout_diamond_mine, uniq_gastronok, uniq_snorg
Orc:2:    grunt_orc_gardens, layout_diamond_mine, grunt_orc_garden,
          grunt_orc_garden, grunt_orc_garden, grunt_orc_garden,
          nicolae_orc_crystal_geode
Elf:1:    eino_elf_arrival_sip, layout_onion_city,
          hellmonk_ghost_happy_afterlife, serial_shops, shop, minivault_28
Elf:2:    nicolae_elf_blades_crystal_corner, layout_loops_corners,
          minmay_misc_feat_pillars, uniq_zenata
Elf:3:    elf_hall_gauntlet_wide, layout_geoelf_diagonals, serial_shops,
          nicolae_shop_bloodbath_and_beyond, uniq_roxanne, uniq_asterion
Vaults:1: v_alt_pattern_6, ontoclasm_vaults_ligature,
          nicolae_vaults_c_with_doors, hangedman_vaults_restitches,
          nicolae_vaults_circle_grid_b, nicolae_vaults_specimen_jars,
          grunt_vaults_trifunnel, v_misc_3, v_pattern_2,
          dpeg_vaults_monster_row, vaults_mumra_chevron,
          nicolae_vaults_angled_halls, ontoclasm_vaults_idyll,
          nicolae_vaults_ring_of_whatevers, nicolae_vaults_shelves_hall,
          layout_vaults_omnibox
Vaults:2: serial_ice_g, nicolae_vaults_hallways_thing, v_misc_26, v_misc_12,
          grunt_vaults_funneled_arena, hangedman_vaults_locks,
          nicolae_vaults_theta, nicolae_vaults_little_squares_1,
          vaults_dpeg_emergency_exit, vaults_room_stairs_pillars,
          layout_vaults_big_cross, serial_shops, shop_coins
Vaults:3: hangedman_vaults_stretched_pinwheel, ontoclasm_vaults_decontamination,
          minmay_crypt_entry_simple_statues, nicolae_vaults_little_squares_1,
          hangedman_vaults_trim, hangedman_vaults_stitches, v_misc_15,
          vaults_dpeg_spiral, ontoclasm_vaults_twist, hangedman_vaults_trim,
          hangedman_vaults_restitches, vaults_dpeg_cross, layout_vaults_maze,
          serial_shops, shop
Vaults:4: portal_desolation_entry_twin_temple, nicolae_vaults_network_star,
          v_alt_pattern_6, st_octagons_2, nicolae_vaults_network_periphery,
          vaults_standard_mumra_lines, v_rooms_2,
          nicolae_vaults_little_squares_4, v_pattern_3, v_misc_23,
          vaults_room_grid, nicolae_vaults_rhombus_6, layout_vaults_ring,
          uniq_boris
Vaults:5: uniq_frederick
Crypt:1:  layout_chaotic_city
Crypt:2:  layout_gridlike
Crypt:3:  due_elkab, layout_chaotic_city, ebering_ghost_xom
Depths:1: layout_cave_pools, grunt_hell_horde, fedhas_altar_2, abyss_entry,
          nicolae_ru_path_of_blood
Depths:2: minmay_tri_stars, layout_gridville, nicolae_hepliaklqana_hazy_memory,
          hangedman_tar_grid_catacomb, rand_demon_pan_entry_7, abyss_entry
Depths:3: minmay_the_grid_3x3 [minmay_the_grid_empty, minmay_the_grid_dragon_b,
          minmay_the_grid_paths, minmay_the_grid_box_x, minmay_the_grid_spikes,
          minmay_the_grid_slots, minmay_the_grid_embedded, minmay_the_grid_x,
          minmay_the_grid_prize_four_corners_diamond_b], layout_gridlike,
          nicolae_benzene_ring, serial_corexii_hall,
          chequers_hall_statues_wall_a, chequers_hall_statues_wall_a,
          abyss_entry, hell_entry, uniq_mennas
Depths:4: lemuel_castle_with_subvaults [lemuel_castle_interior_carwin_3],
          layout_long_grid, enter_ziggurat_f, tso_metal_star, abyss_entry,
          grunt_hell_entry_dis_mu, minmay_misc_feat_secret_circle, nrook_uturn,
          corexii_hall_statues_l
Zot:1:    circus_mu, layout_basic, hangedman_elemental_corridor
Zot:2:    layout_gridlike, grunt_megastairs_2
Zot:3:    grunt_twist_and_shout, layout_onion_interference, uniq_tiamat
Zot:4:    dreamdust_zin_vs_xom, layout_onion
Zot:5:    layout_misc_corridors, gammafunk_ghost_crypt, st_stairs_13,
          hangedman_zot_decor_scrapings

Skill      XL: |  1  2  3  4  5  6  7  8  9 10 11 12 13 14 15 16 17 18 19 20 21 22 23 24 25 26 27 |
---------------+----------------------------------------------------------------------------------+-----
Axes           | 2 3 4 5 6 8 9 10 11 12 13 14 15 17 18 | 18.0
Throwing       | 3 5 7 8 9 10 11 12 | 12.0
Evocations     | 3 5 7 8 9 10 11 13 14 15 16 17 18 19 | 19.4
Fighting       | 5 7 8 10 11 13 14 15 17 18 19 | 19.9
Armour         | 5 7 8 10 11 13 14 15 17 | 17.3
Invocations    | 2 5 7 9 11 14 15 17 18 19 20 23 27 | 27.0
Dodging        | 3 8 10 11 15 16 | 16.4
Shields        | 6 9 10 12 13 15 | 15.5
Translocations | 4 10 11 | 11.0
Spellcasting   | 3 7 |  7.0

Action                   |  1- 3 |  4- 6 |  7- 9 | 10-12 | 13-15 | 16-18 | 19-21 | 22-24 | 25-27 || total
-------------------------+-------+-------+-------+-------+-------+-------+-------+-------+-------++-------
Melee: War axe           |   103 |       |       |       |       |       |       |       |       ||   103
       Broad axe         |     9 |   184 |   344 |   702 |  1235 |  1675 |  1482 |  1712 |  2439 ||  9782
       Morningstar       |       |       |       |    12 |    51 |    16 |       |       |       ||    79
       Headbutt          |       |       |       |       |       |       |       |       |   120 ||   120
Throw: Boomerang         |       |       |       |       |   166 |   124 |    15 |    32 |    96 ||   433
       Javelin           |       |       |       |       |       |     9 |     3 |     1 |    42 ||    55
       Throwing net      |       |       |       |       |       |     2 |       |       |     1 ||     3
 Cast: Apportation       |       |       |       |       |       |       |       |       |     1 ||     1
Invok: Divine Shield     |       |       |       |       |     1 |     2 |     1 |     4 |     1 ||     9
       Brand Weapon With |       |       |       |       |     1 |       |       |       |       ||     1
       Summon Divine War |       |       |       |       |     2 |     5 |    11 |     6 |    17 ||    41
       Cleansing Flame   |       |       |       |       |       |     5 |     6 |    30 |    52 ||    93
Evoke: Wand              |       |       |       |     9 |    26 |    35 |     6 |     9 |    21 ||   106
       Box of beasts     |       |       |       |       |     5 |     2 |       |       |       ||     7
       Tin of tremorston |       |       |       |       |       |       |     3 |    15 |    15 ||    33
  Use: Scroll            |       |       |    12 |    13 |    17 |     7 |     9 |    12 |    12 ||    82
       Potion            |       |       |     6 |     5 |    14 |     6 |     5 |     3 |    14 ||    53
Armor: Scale mail        |    84 |     2 |       |       |       |       |       |       |       ||    86
       Chain mail        |       |   104 |   123 |       |       |       |       |       |       ||   227
       Plate armour      |       |       |    51 |       |   640 |  1330 |   745 |  1030 |  1153 ||  4949
       Ring mail         |       |       |    71 |   392 |   328 |       |       |       |       ||   791
Dodge: Dodged            |    65 |    51 |   141 |   245 |   376 |   321 |   329 |   646 |   896 ||  3070
Block: Buckler           |    27 |    24 |    64 |   303 |   470 |       |       |       |       ||   888
       Reflection        |       |       |       |     7 |    13 |    93 |   141 |    46 |    25 ||   325
       Tower shield      |       |       |       |       |   484 |  2100 |  1485 |  1871 |       ||  5940
       Kite shield       |       |       |       |       |       |       |       |   140 |  2213 ||  2353
